 Dungeon Crawl Stone Soup version 0.30.1-3-gfc49f6343a (webtiles) character file.

Game seed: 16060589442545940314

37 hawla the Firebug (level 3, 0/26 HPs)
             Began as a Meteoran Fire Elementalist on Aug 9, 2023.
             Slain by Edmund
             ... wielding a +1 dire flail of protection
              (7 damage)
             ... on level 4 of the Dungeon.
             The game lasted 00:02:56 (486 turns).

hawla the Firebug (Meteoran Fire Elementalist)       Turns: 486, Time: 00:02:57

Health: 0/26       AC:  2    Str:  7 (10) XL:     3   Next: 85%
Magic:  8/8        EV: 12    Int: 17 (18) God:
Gold:   83         SH:  0    Dex: 11 (14) Spells: 5/8 levels left

rFire   . . .        (no weapon)
rCold   . . .        (no shield)
rNeg    . . .        a - +0 robe
rPois   +            (no helmet)
rElec   .            (no cloak)
rCorr   +            (no gloves)
SInv    .            (no boots)
Will    .....        (no amulet)
Stlth   +            g - ring of resist corrosion
HPRegen 0.24/turn    h - ring of poison resistance
MPRegen 0.11/turn

%: no passive effects
@: attractive, glowing
A: sense surroundings 1, otherworldly, glowing, explore regen
a: no special abilities


You were on level 4 of the Dungeon.
You visited 1 branch of the dungeon, and saw 4 of its levels.

You collected 83 gold pieces.

Inventory:

Armour
 a - a +0 robe (worn)
 e - a +0 pair of gloves
Jewellery
 g - a ring of resist corrosion (left hand)
 h - a ring of poison resistance (right hand)
Scrolls
 d - a scroll of torment {unknown}
 f - a scroll of enchant weapon {unknown}
 i - a scroll of magic mapping {unknown}
Potions
 k - a potion of cancellation {unknown}


   Skills:
 + Level 2.7 Dodging
 - Level 1.4 Stealth
 + Level 3.4 Spellcasting
 + Level 1.4 Conjurations
 + Level 4.5 Fire Magic


You had 5 spell levels left.
You knew the following spells:

 Your Spells              Type           Power      Damage    Failure   Level
a - Foxfire               Conj/Fire      52%        2x1d6     4%          1
b - Scorch                Fire           36%        2d6       4%          2

Your spell library contained the following spells:

 Spells                   Type           Power      Damage    Failure   Level
 Shock                    Conj/Air       20%        1d4       12%         1
 Momentum Strike          Conj/Tloc      10%        3d8       19%         2
 Inner Flame              Hex/Fire       10%        N/A       21%         3
 Volatile Blastmotes      Fire/Tloc      20%        2d11      21%         3
 Blink                    Tloc           4%         N/A       26%         2
 Lesser Beckoning         Tloc           4%         N/A       26%         2
 Flame Wave               Conj/Fire      13%        2d6       43%         4
 Swiftness                Air            2%         N/A       45%         3
 Airstrike                Air            1%         2d(1-17)  86%         4


Dungeon Overview and Level Annotations

Branches:
Dungeon (4/15) Zot: 1914
 Temple: D:4-7

Altars:

Annotations:
D:4 Edmund


Innate Abilities, Weirdness & Mutations

You passively map a small area around you.
You are easily found by Zot.
You glow in the dark.
You regain HP and MP as you explore.


Message History

Casting: Scorch (safe; 3% risk of failure)
Confirm with . or Enter, or press ? or * to list all spells.
Flames lash Edmund.
Edmund is burned terribly!
Edmund is moderately wounded.
Casting: Scorch (safe; 3% risk of failure)
Confirm with . or Enter, or press ? or * to list all spells.
You conjure some foxfire!
The foxfire hits Edmund.
Edmund is burned terribly!
Edmund is moderately wounded.
Casting: Foxfire (safe; 4% risk of failure)
Confirm with . or Enter, or press ? or * to list all spells.
Flames lash Edmund.
Edmund is burned terribly!
Edmund is heavily wounded.
The foxfire hits Edmund but does no damage.
Edmund is heavily wounded.
Unknown command.
Casting: Scorch (safe; 3% risk of failure)
Confirm with . or Enter, or press ? or * to list all spells.
You don't have enough magic to cast this spell.
Casting: Scorch (safe; 3% risk of failure)
Confirm with . or Enter, or press ? or * to list all spells.
You conjure some foxfire!
Edmund hits you with a +1 dire flail of protection!
You closely miss Edmund.
Edmund is heavily wounded.
The foxfire hits Edmund but does no damage.
Edmund is heavily wounded.
The foxfire hits Edmund.
Edmund is heavily wounded.
Edmund barely misses you. Magic courses through your body.
Edmund hits you with a +1 dire flail of protection!
* * * LOW HITPOINT WARNING * * *
It was a potion of attraction.
You feel attractive to monsters. Edmund closely misses you.
It was a potion of degeneration.
There was something very wrong with that liquid.
You feel weakened.
You feel dopey.
You feel clumsy.
Edmund hits you with a +1 dire flail of protection!
You die...

##############
#......@......
#.############ #@#
#######.# #.....#.#
#####.....#.# * *
#.........#.############
.......@@.............>.
*
#.....#####...........ยง.
#.... ############.# *
#... *, ........... , ...
,, *, ########... ## * *
, * #... * * , #... *
##+# , , ,, #.#


You could see Edmund (combustible).

Vanquished Creatures
  2 adders (D:2)
  A worm (D:4)
  2 ball pythons
  An endoplasm (D:2)
  A giant cockroach (D:1)
  3 jackals (D:2)
  2 quokkas (D:2)
  A bat (D:2)
  2 rats
15 creatures vanquished.

Vanquished Creatures (others)
  53 foxfires
53 creatures vanquished.

Grand Total: 68 creatures vanquished

Notes
Turn   | Place    | Note
-------+----------+-------------------------------------------
     0 | D:1      | hawla the Meteoran Fire Elementalist began the quest for
                  | the Orb.
     0 | D:1      | Reached XP level 1. HP: 14/14 MP: 5/5
    85 | D:2      | Reached skill level 4 in Fire Magic
    85 | D:2      | Reached XP level 2. HP: 20/20 MP: 2/7
   122 | D:2      | Reached XP level 3. HP: 23/26 MP: 6/8
   141 | D:2      | Learned a level 2 spell: Scorch
   414 | D:4      | Noticed Edmund
   486 | D:4      | Slain by Edmund

Illustrated notes

Levels and vault maps discovered:
D:1:      ldierk_walled_garden_2, layout_basic, serial_shops, shop,
          shop_fountains, minmay_misc_feat_iff, minmay_tiny_reverse_x
D:2:      layout_basic, uniq_terence
D:3:      layout_loops_ring
D:4:      layout_basic, uniq_edmund

Skill      XL: |  1 |
---------------+----+-----
Spellcasting   | 3 |  3.4
Fire Magic     | 4 |  4.5
Dodging        | |  2.7
Stealth        | |  1.4
Conjurations   | |  1.4

Action                     || total
---------------------------++-------
  Melee: Unarmed           ||     9
   Cast: Foxfire           ||    31
         Scorch            ||     8
    Use: Scroll            ||     3
         Potion            ||     3
 Armour: Robe              ||     4
  Dodge: Dodged            ||    13
